 Dungeon Crawl Stone Soup version 0.27-a0-417-g317cea8a3c (webtiles) character file.

Game seed: 9761590015693650919

12187 HoaS the Grappler (level 11, 0/91 HPs)
             Began as a Demigod Gladiator on Feb 25, 2021.
             Slain by a blink frog (12 damage)
             ... on level 2 of the Lair of Beasts.
             The game lasted 00:20:44 (14264 turns).

HoaS the Grappler (Demigod Gladiator)              Turns: 14264, Time: 00:20:44

Health: 0/91       AC: 13    Str: 23    XL:     11   Next: 33%
Magic:  14/14      EV: 21    Int: 16    God:
Gold:   734        SH:  5    Dex: 19    Spells: 10/10 levels left

rFire    . . .     SeeInvis .     - Unarmed
rCold    . . .     Faith    .   (no shield)
rNeg     . . .     Spirit   .   v - +0 acid dragon scales
rPois    .         Reflect  +   b - +2 helmet
rElec    .         Harm     .   c - +1 cloak
rCorr    +         Rampage  .   (no gloves)
Will     +....                  (no boots)
Stlth    +.........             d - amulet of reflection
HPRegen  0.25/turn              r - +4 ring of evasion
MPRegen  0.14/turn              w - +6 ring of intelligence

@: mighty
A: high mp 1
a: no special abilities


You were on level 2 of the Lair of Beasts.
You visited 2 branches of the dungeon, and saw 12 of its levels.
You also visited: Bailey.

You collected 734 gold pieces.

Inventory:

Missiles
 y - 4 boomerangs of dispersal (quivered)
 C - 5 poisoned darts
Armour
 b - a +2 helmet (worn)
 c - a +1 cloak (worn)
 n - a +0 plate armour
 v - +0 acid dragon scales (worn)
Jewellery
 d - an amulet of reflection (around neck)
 r - a +4 ring of evasion (left hand)
 w - a +6 ring of intelligence (right hand)
Wands
 f - a wand of iceblast (17)
 g - a wand of random effects (27)
 q - a wand of charming (10)
 x - a wand of polymorph (5)
 A - a wand of flame (23)
 B - a wand of paralysis (7)
Scrolls
 a - 2 scrolls of fear
 k - 2 scrolls of magic mapping
 s - a scroll of fog
 t - 3 scrolls of identify
 z - 3 scrolls of teleportation
Potions
 e - 2 potions of haste
 h - a potion of might
 i - 2 potions of invisibility
 j - 3 potions of lignification
 l - a potion of mutation
 m - a potion of resistance
 o - a potion of attraction
 p - 3 potions of curing
 u - 3 potions of flight
 D - a potion of berserk rage


   Skills:
 + Level 6.4 Fighting
 - Level 1.7 Throwing
 + Level 6.0 Armour
 + Level 6.8 Dodging
 + Level 13.2 Unarmed Combat


You had 10 spell levels left.
You didn't know any spells.
Your spell library contained the following spells:

 Spells                   Type           Power        Failure   Level
 Foxfire                  Conj/Fire      0%           30%         1
 Sting                    Tmut/Pois      0%           30%         1
 Poisonous Vapours        Pois/Air       0%           43%         2
 Conjure Flame            Conj/Fire      0%           67%         3
 Ignite Poison            Fire/Tmut/Pois 0%           67%         3
 Inner Flame              Hex/Fire       0%           67%         3
 Mephitic Cloud           Conj/Pois/Air  0%           67%         3
 Olgreb's Toxic Radiance  Pois           0%           97%         4
 Sticky Flame             Conj/Fire      0%           97%         4
 Summon Lightning Spire   Summ/Air       0%           97%         4
 Fireball                 Conj/Fire      0%           100%        5
 Silence                  Hex/Air        0%           100%        5
 Conjure Ball Lightning   Conj/Air       0%           100%        6
 Tornado                  Air            0%           100%        9


Dungeon Overview and Level Annotations

Branches:
Dungeon (10/15)            Temple (0/1) D:6            Lair (2/6) D:8
 Bailey (visited)
  Swamp: Lair:2-4    Shoals: Lair:2-4     Snake: Lair:2-4    Spider: Lair:2-4
    Orc: D:9-12

Shops:
D:5 *   D:9 ?

Annotations:
Lair:1 1 runed translucent door


Innate Abilities, Weirdness & Mutations

You have an increased reservoir of magic. (+10% MP)


Message History

The five-headed hydra is heavily wounded.
You punch the five-headed hydra!
The five-headed hydra is heavily wounded.
The blink frog blinks!
You block the five-headed hydra's attack.
The five-headed hydra misses you.
The five-headed hydra barely misses you. x2
The five-headed hydra completely misses you.
You punch the five-headed hydra!
The five-headed hydra is severely wounded.
The five-headed hydra completely misses you.
You block the five-headed hydra's attack.
The five-headed hydra bites you! The five-headed hydra bites you.
The five-headed hydra bites you!
* * * LOW HITPOINT WARNING * * *
You barely miss the five-headed hydra.
Your punch misses the five-headed hydra.
The five-headed hydra is severely wounded.
The blink frog blinks!
You pummel the five-headed hydra!! You punch the five-headed hydra.
You kill the five-headed hydra!
The blink frog blinks!
Your Armour skill increases to level 6!
You punch the blink frog!
The blink frog is moderately wounded.
The blink frog closely misses you. The blink frog barely misses you.
You miss the blink frog.
The blink frog is moderately wounded.
The blink frog barely misses you.
You completely miss the blink frog.
The blink frog is moderately wounded.
The blink frog completely misses you.
You punch the blink frog!
The blink frog is severely wounded.
The blink frog hits you!
* * * LOW HITPOINT WARNING * * *
The blink frog blinks!
You swing at nothing.
The blink frog misses you.
You completely miss the blink frog. The blink frog hits you!
You die...

..#....#.##..##.# #.....#.###
.##.##...##P.##.# ##...## #
#####..#........#####F.## #
##.#.#÷##......P##D.## #####
###........#......#...# ####..)P
.###.#.#.#...P......######......#
.............##FF#...###.........
...#.#.#.#...###F##...#..........
##...........###@##..#...........
#.#.#.#.#.).##P..#..##..........
#.>.........###P....###.........
#.#.#.#.#....###....###........#
#...........###.....≈#≈...♣♣♣♣##
###.#.#.#.#.# ##....≈≈≈≈≈P≈≈♣♣♣
#........#.# #....P≈≈≈≈≈≈≈≈≈♣♣
##.#.#.##..# ##....≈≈≈P≈≈≈≈≈≈P
#..........# #....≈≈≈≈≈≈≈≈≈≈≈


You could see 3 blink frogs.

Vanquished Creatures
  A hydra (Lair:2)
  A two-headed ogre (D:10)
  A lindwurm (Lair:1)
  3 black mambas
  A rime drake (Lair:2)
  2 cane toads (Lair:2)
  Maggie (Lair:1)
  2 komodo dragons (Lair:2)
  A blink frog (Lair:2)
  A polar bear (Lair:1)
  Grinder (D:6)
  7 yaks
  A wraith (D:8)
  A vampire (D:10)
  A wyvern (D:10)
  2 basilisks
  A soldier ant (D:10)
  8 water moccasins
  3 orc warriors
  3 sky beasts
  2 black bears
  An ice beast (D:10)
  Duvessa (D:5)
  A necrophage (D:6)
  2 ogres (D:5)
  6 wolves (Lair:2)
  13 bullfrogs
  An elf zombie (D:8)
  Dowan (D:5)
  3 scorpions
  A water moccasin skeleton (D:6)
  5 electric eels
  5 wights
  4 howler monkeys
  A bullfrog zombie (D:5)
  2 jellies
  6 hounds
  2 human zombies (D:8)
  3 bullfrog skeletons
  4 orc priests
  2 human skeletons (D:8)
  6 worker ants
  An iguana (D:6)
  7 orc wizards
  2 mummies (D:8)
  A howler monkey zombie (D:9)
  Robin (D:1)
  2 howler monkey skeletons
  10 adders
  2 shadow imps
  2 white imps
  4 ufetubi
  A worm (D:3)
  3 dart slugs
  2 leopard geckos
  30 orcs
  4 bats
  8 giant cockroaches
  15 goblins
  11 hobgoblins
  23 jackals
  6 kobolds
  3 quokkas
  2 ball pythons
  4 frilled lizards
  An orc skeleton (D:8)
  An orc zombie (D:8)
  A quokka skeleton (D:6)
  6 rats
267 creatures vanquished.

Vanquished Creatures (others)
  20 fungi
  31 plants
  8 toadstools (Lair:1)
59 creatures vanquished.

Grand Total: 326 creatures vanquished

Notes
Turn   | Place    | Note
-------+----------+-------------------------------------------
     0 | D:1      | HoaS the Demigod Gladiator began the quest for the Orb.
     0 | D:1      | Reached XP level 1. HP: 17/17 MP: 3/3
   217 | D:1      | Reached skill level 3 in Unarmed Combat
   314 | D:1      | Reached XP level 2. HP: 14/24 MP: 4/4
   926 | D:2      | Noticed Robin
  1024 | D:1      | Reached XP level 3. HP: 10/29 MP: 5/5
  1031 | D:1      | Reached skill level 4 in Unarmed Combat
  1534 | D:1      | Killed Robin
  2438 | D:3      | Reached XP level 4. HP: 36/36 MP: 6/6
  2721 | D:3      | Reached skill level 5 in Unarmed Combat
  3181 | D:3      | Found a faded altar of an unknown god.
  3653 | D:4      | Reached XP level 5. HP: 41/41 MP: 7/7
  3821 | D:4      | Found an iron altar of Okawaru.
  4000 | D:4      | Found a shimmering altar of Xom.
  4098 | D:4      | Reached skill level 6 in Unarmed Combat
  4599 | D:5      | Entered Level 5 of the Dungeon
  4651 | D:5      | Found Pauwkycawk's Serpentskin Sales.
  4651 | D:5      | Noticed a water moccasin
  4659 | D:5      | Killed a water moccasin
  4660 | D:5      | Reached XP level 6. HP: 44/48 MP: 8/8
  4731 | D:5      | Found a sacrificial altar of Ru.
  4791 | D:5      | Reached skill level 7 in Unarmed Combat
  5039 | D:5      | Noticed Duvessa
  5053 | D:5      | Noticed Dowan
  5060 | D:5      | Killed Duvessa
  5061 | D:5      | Reached XP level 7. HP: 53/53 MP: 9/9
  5079 | D:5      | Killed Dowan
  5080 | D:5      | Reached skill level 8 in Unarmed Combat
  5461 | D:5      | Found a stormy altar of Qazlal.
  5617 | D:5      | Reached skill level 9 in Unarmed Combat
  5986 | D:6      | Noticed Grinder
  6254 | D:6      | Reached XP level 8. HP: 60/60 MP: 10/10
  6259 | D:6      | Killed Grinder
  6289 | D:5      | Reached skill level 10 in Unarmed Combat
  6400 | D:6      | Found an opulent altar of Gozag.
  6400 | D:6      | Found a bloodstained altar of Trog.
  6401 | D:6      | Found a shadowy altar of Dithmenos.
  6419 | D:6      | You fall into a shaft and drop 1 floor!
  6701 | D:6      | Reached skill level 11 in Unarmed Combat
  6855 | D:6      | Found a staircase to the Ecumenical Temple.
  7083 | D:7      | Found a broken altar of Ashenzari.
  7095 | D:7      | Found a hazy altar of Hepliaklqana.
  7095 | D:7      | Found an ornate altar of the Wu Jian Council.
  7491 | D:8      | Reached XP level 9. HP: 54/67 MP: 11/11
  7627 | D:8      | Reached skill level 12 in Unarmed Combat
  7631 | D:8      | Found a staircase to the Lair.
  8058 | D:8      | Found an ancient bone altar of Kikubaaqudgha.
  8086 | D:8      | Reached skill level 1 in Armour
  8769 | D:9      | Found Cufredwi's Magic Scroll Boutique.
  8899 | D:9      | Found a flagged portal.
  8985 | Bailey   | Entered a bailey
  8985 | Bailey   | Noticed an orc knight
  9678 | D:10     | Entered Level 10 of the Dungeon
  9850 | D:10     | Noticed a two-headed ogre
  9863 | D:10     | Killed a two-headed ogre
 10030 | D:10     | Reached XP level 10. HP: 60/78 MP: 13/13
 10886 | Lair:1   | Entered Level 1 of the Lair of Beasts
 11531 | Lair:1   | Noticed a lindwurm
 11547 | Lair:1   | Killed a lindwurm
 11548 | Lair:1   | Reached skill level 5 in Dodging
 11810 | Lair:1   | Noticed a black mamba
 11882 | Lair:1   | Identified a polished plate armour
 11882 | Lair:1   | Noticed Maggie
 11905 | Lair:1   | Killed Maggie
 12242 | Lair:1   | Noticed a black mamba
 12249 | Lair:1   | Killed a black mamba
 12250 | Lair:1   | Reached skill level 5 in Fighting
 12702 | Lair:1   | Killed a black mamba
 13116 | Lair:1   | Noticed a catoblepas
 13116 | Lair:1   | Noticed a catoblepas
 13139 | Lair:1   | Found a runed translucent door.
 13518 | Lair:2   | Reached skill level 5 in Armour
 13839 | Lair:2   | Noticed a black mamba
 13853 | Lair:2   | Killed a black mamba
 13854 | Lair:2   | Reached XP level 11. HP: 89/89 MP: 14/14
 13856 | Lair:2   | Reached skill level 13 in Unarmed Combat
 14227 | Lair:2   | Noticed a five-headed hydra
 14258 | Lair:2   | Killed a five-headed hydra
 14264 | Lair:2   | Slain by a blink frog

Illustrated notes

Levels and vault maps discovered:
D:1:      dpeg_arrival_snail, layout_basic
D:2:      cheibrodos_helix_gallery, layout_rooms, uniq_robin
D:3:      layout_loops_corners, chequers_ecumenical_altar_island, st_stairs_10
D:4:      layout_loops_corners, kennysheep_okawaru_gauntlet, kennysheep_doodads,
          amcnicky_mini_rare_corridor_liquid, xom_teletrap_fun
D:5:      layout_basic, kennysheep_mini, kennysheep_mini_moat,
          minmay_misc_feat_nine_boxes, guppyfry_shop_venom, uniq_duvessa
D:6:      layout_rooms, gammafunk_temple_overflow_claw, temple_hall,
          uniq_grinder
D:7:      layout_rooms, minitemple, hangedman_decor_slide_cut
D:8:      layout_loops_corners, lemuel_mausoleum_altar_kikubaaqudgha,
          grunt_lair_entry_orc_guard_hut
D:9:      layout_irregular_city, serial_shops, shop, enter_bailey_3
D:10:     layout_cave_pods
Lair:1:   gammafunk_lair_enchanted_lake, layout_cave_pods, serial_bayou,
          serial_bayou_ford_a, serial_bayou_lagoon_a, serial_bayou_lagoon_b,
          serial_bayou_pond_b, serial_bayou_pond_a, serial_bayou_crossing,
          uniq_maggie
Lair:2:   layout_cave_pods, minmay_swamp_entry_swarm, st_stairs_12,
          minmay_lair_oklob_chamber, serial_bayou_shore_a, lemuel_fruit_tree,
          grunt_megastairs_3

Skill      XL: |  1  2  3  4  5  6  7  8  9 10 11 |
---------------+----------------------------------+-----
Unarmed Combat | 3 4 5 6 7 9 11 12 13 | 13.2
Fighting       | 3 5 6 |  6.4
Armour         | 3 5 6 |  6.0
Dodging        | 4 6 |  6.8
Throwing       | |  1.7

Action                   |  1- 3 |  4- 6 |  7- 9 | 10-12 || total
-------------------------+-------+-------+-------+-------++-------
Melee: Unarmed           |   180 |   208 |   465 |   296 ||  1149
       Punch             |     2 |     8 |    20 |    32 ||    62
Throw: Throwing net      |       |     1 |     4 |     1 ||     6
       Boomerang         |       |       |       |     1 ||     1
  Use: Scroll            |     5 |    10 |     7 |     1 ||    23
       Potion            |     4 |       |       |     1 ||     5
 Stab: Held in net/web   |       |     1 |     3 |     5 ||     9
Armor: Scale mail        |   101 |    59 |       |       ||   160
       Skin              |     1 |       |       |       ||     1
       Plate armour      |       |    19 |   216 |    26 ||   261
       Acid dragon scale |       |       |       |    53 ||    53
Dodge: Dodged            |   129 |    63 |   167 |   207 ||   566
Block: Other             |    47 |    41 |    79 |    57 ||   224
       Reflection        |       |     1 |       |       ||     1

Table legend: (Time is in decaauts)
 A = Elapsed time spent in this place.
 B = Non-inter-level travel time spent in this place.
 C = Inter-level travel time spent in this place.
 D = Time resting spent in this place.
 E = Time spent auto-exploring this place.
 F = Levels seen in this place.
 G = Mean time per level.
                   A        B        C        D        E       F      G
               +--------+--------+--------+--------+--------+-----+--------+
         Total |  14192 |  13638 |    554 |   4547 |   6861 |  13 | 1091.7 |
       Dungeon |  10763 |  10299 |    464 |   2987 |   5529 |  10 | 1076.3 |
          Lair |   3422 |   3333 |     89 |   1560 |   1332 |   2 | 1711.0 |
        Bailey |      6 |      6 |      0 |      0 |      0 |   1 |    6.0 |
               +--------+--------+--------+--------+--------+-----+--------+

Top non-repeatable levels by time:
  Lair:1: 2598 daAuts
     D:1: 1657 daAuts
     D:5: 1603 daAuts
     D:8: 1351 daAuts
     D:4: 1134 daAuts
    D:10: 1108 daAuts
     D:3: 1025 daAuts
     D:9: 996 daAuts
  Lair:2: 824 daAuts
     D:2: 762 daAuts
     D:6: 582 daAuts
     D:7: 540 daAuts
  Bailey: 6 daAuts
